 Dungeon Crawl Stone Soup version 0.23.2 (webtiles) character file.

Game seed: 834180514066392577

15134 Borgoz the Slicer (level 12, -6/73 HPs)
             Began as a Gargoyle Gladiator on Apr 12, 2019.
             Was a Believer of Ashenzari.
             Mangled by Frances
             ... wielding a +0 flail
              (21 damage)
             ... on level 12 of the Dungeon.
             The game lasted 00:32:11 (11629 turns).

Borgoz the Slicer (Gargoyle Gladiator)             Turns: 11629, Time: 00:32:11

Health: -6/73      AC: 15    Str: 28    XL:     12   Next: 23%
Magic:  15/17      EV: 18    Int: 10    God:    Ashenzari [**....]
Gold:   381        SH:  5    Dex: 15    Spells: 17/18 levels left

rFire    + . .     SeeInvis .   b - +3 short sword (speed)
rCold    + . .     Gourm    .   (no shield)
rNeg     + . .     Faith    .   C - +0 troll leather armour
rPois    ∞         Spirit   .   c - +0 helmet
rElec    +         Reflect  +   (no cloak)
rCorr    +         Harm     .   (no gloves)
MR       .....                  (no boots)
Stlth    ++++......             n - +5 amulet of reflection
HPRegen  0.62/turn              D - ring "Ymmil" {Ice Slay+2 Stlth+}
MPRegen  0.15/turn              t - ring "Inuefis" {rCorr *Corrode rF++ Str+5}

@: mighty, confusing touch
A: negative energy resistance 1, electricity resistance, unbreathing,
petrification resistance, rot immunity, AC +8
a: Curse Item, Scrying, Renounce Religion


You were on level 12 of the Dungeon.
You worshipped Ashenzari.
Ashenzari was pleased with you.
You were hungry.

You visited 2 branches of the dungeon, and saw 13 of its levels.
You also visited: Ossuary.

You collected 491 gold pieces.
You spent 110 gold pieces at shops.

Inventory:

Hand Weapons
 a - a +1 dagger of draining
 b - a +3 short sword of speed (weapon)
 q - a +0 rapier
Armour
 c - a +0 helmet (worn)
 x - a +1 plate armour
 C - a +0 troll leather armour (worn)
 G - the +1 ring mail of the Morning {rElec rPois Int-4}
   (You found it on level 7 of the Dungeon)

   It affects your intelligence (-4).
   It insulates you from electricity.
   It protects you from poison.
Jewellery
 h - an uncursed ring of protection from cold
 n - a +5 amulet of reflection (around neck)
 r - a +4 ring of intelligence
 t - the ring "Inuefis" (right hand) {rCorr *Corrode rF++ Str+5}
   (You took it off an orc on level 5 of the Dungeon)

   [ring of resist corrosion]

   It affects your strength (+5).
   It greatly protects you from fire.
   It may corrode you when you take damage.
 y - an uncursed ring of protection from fire
 A - a +3 ring of protection
 D - the ring "Ymmil" (left hand) {Ice Slay+2 Stlth+}
   (You found it on level 7 of the Dungeon)

   [ring of ice]

   It enhances your ice magic.
   It affects your accuracy and damage with ranged weapons and melee attacks
   (+2).
   It makes you vulnerable to fire.
   It protects you from cold.
   It makes you more stealthy.
 E - an uncursed ring of ice
Wands
 H - a wand of iceblast (7)
 I - a wand of disintegration (5)
 J - a wand of digging (6)
Scrolls
 g - 3 scrolls of magic mapping
 k - a scroll of blinking
 l - 2 scrolls of enchant weapon
 m - 2 scrolls of enchant armour
 p - 2 scrolls of fog
 w - a scroll of teleportation
 B - 6 scrolls of remove curse
Potions
 e - 2 potions of cancellation
 i - 3 potions of brilliance
 j - a potion of resistance
 o - 2 potions of mutation
 s - a potion of haste
 v - 2 potions of flight
 z - 3 potions of curing
Comestibles
 d - 4 chunks of flesh
 f - 13 rations


   Skills:
 + Level 8.1 Fighting
 * Level 9.8 Short Blades
 - Level 1.7 Throwing
 + Level 7.7 Armour
 * Level 9.1 Dodging
 + Level 4.9 Stealth
 + Level 3.7 Spellcasting
 + Level 3.7 Hexes
 + Level 3.7 Evocations


You had 17 spell levels left.
You knew the following spells:

 Your Spells              Type           Power        Failure   Level  Hunger
a - Confusing Touch       Hex            #.....       6%          1    #......

Your spell library contained the following spells:

 Spells                   Type           Power        Failure   Level  Hunger
 Animate Skeleton         Necr           N/A          28%         1    #......
 Apportation              Tloc           #.....       28%         1    #......
 Infusion                 Chrm           #...         28%         1    #......
 Summon Small Mammal      Summ           #...         28%         1    #......
 Spectral Weapon          Hex/Chrm       #.......     38%         3    ###....
 Shroud of Golubria       Chrm/Tloc      #.........   41%         2    ###....
 Song of Slaying          Chrm           #.......     41%         2    ###....
 Ignite Poison            Fire/Tmut/Pois #.......     65%         3    ###....
 Regeneration             Chrm/Necr      #.........   65%         3    ###....
 Fireball                 Conj/Fire      #.........   100%        5    ######.
 Bolt of Fire             Conj/Fire      #.........   100%        6    #######
 Ring of Flames           Chrm/Fire      #.........   100%        7    #######
 Ignition                 Fire           #.........   100%        8    #######


Dungeon Overview and Level Annotations

Branches:
Dungeon (12/15)            Temple (1/1) D:7            Lair (0/6) D:11
    Orc: D:9-12

Altars:
Ashenzari
Cheibriados
Dithmenos
Elyvilon
Fedhas
Gozag
Hepliaklqana
Kikubaaqudgha
Makhleb
Nemelex Xobeh
Okawaru
Qazlal
Ru
Sif Muna
Trog
Uskayaw
Vehumet
Wu Jian
Xom
Yredelemnul
Zin
The Shining One
Jiyva

Shops:
D:7 !

Annotations:
D:12 Frances, Snorg


Innate Abilities, Weirdness & Mutations

You are resistant to torment.
Your stone body is resilient. (AC +8)
You are immune to poison.
You resist negative energy. (rN+)
You are resistant to electric shocks. (rElec)
You can survive without breathing.
You are immune to petrification.
You are immune to rotting.


Message History

Frances misses you.
Things that are here:
a +0 hand axe; a gnoll corpse You hit Frances but do no damage.
Frances is moderately wounded.
Evoke which item? (* to show all) (? for menu, Esc to quit)
Okay, then.
It was a potion of might.
You feel very mighty all of a sudden. Frances hits you but does no damage.
Casting: Confusing Touch (safe; 6% risk of failure)
Confirm with . or Enter, or press ? or * to list all spells.
Your hands begin to glow red.
Frances seems less confused.
Frances screams a word of power!
The iron shot hits you!!
* * * LOW HITPOINT WARNING * * *
You are too injured to fight recklessly!
You are too injured to fight recklessly!
You feel better. Frances hits you with a +0 flail!!
You die...

#..#O#, #....#
* * , , #....
..* #..### , ,
*#.#> . ,....
* * * #####.#
.##. , *
#..##.# ...,,
* * ,
#..##.#..# , *
* * #...#.#..#
, ,
####...@...#
,* , *, **
##.....#@##.#
, #..##..#.# ,
, , , *
#####......#.#
,, , , *
#......###.#.#
, #.....##
#.#.# * *
#.....# #.#.#
,, , #.....#
#...# , *, *
#.....# ###.##
#.....#
#....#,, ,


You could see Frances.

Vanquished Creatures
  A tengu warrior (D:10)
  A death knight (D:11)
  A two-headed ogre (D:12)
  The ghost of Flogoulo the Blocker, a novice FoFi of Okawaru (D:8)
  An unseen horror (D:11)
  2 phantasmal warriors (D:11)
  An ugly thing (D:11)
  A centaur zombie (D:10)
  A freezing wraith (D:11)
  A tengu conjurer (D:10)
  3 trolls
  A hornet (D:11)
  2 slime creatures (D:8)
  3 hippogriffs
  11 yaks
  A steam dragon (D:11)
  A human (D:10)
  2 wargs (D:11)
  A soldier ant (D:12)
  3 black bears
  2 ice beasts
  4 orc warriors
  A sky beast (D:7)
  7 ogres
  4 phantoms
  7 centaurs
  5 bullfrogs
  A wyvern zombie (D:11)
  A scorpion (D:6)
  6 killer bees
  7 wights
  3 howler monkeys
  6 crimson imps
  The ghost of aelisj the Conjurer, a weakling DECj (D:3)
  9 hounds
  3 bullfrog zombies
  2 bullfrog skeletons
  A gnoll shaman (D:7)
  7 jellies
  6 orc priests
  11 orc wizards
  Jessica (D:3)
  3 centaur skeletons
  6 iguanas
  12 worker ants
  4 big kobold zombies (Ossuary)
  A hound skeleton (D:11)
  A mummy (Ossuary)
  3 adders
  8 gnolls
  4 shadow imps
  2 adder zombies
  7 worms
  4 dart slugs
  5 leopard geckos
  64 orcs
  2 spectral bats (Ossuary)
  2 ball pythons (D:1)
  7 bats
  6 giant cockroaches
  2 hobgoblins
  10 jackals
  3 quokkas
  7 bat simulacra (Ossuary)
  3 frilled lizards
  8 gnoll zombies (Ossuary)
  6 goblins
  5 goblin simulacra (Ossuary)
  6 goblin zombies (Ossuary)
  2 hobgoblin zombies (Ossuary)
  4 kobolds
  3 kobold simulacra (Ossuary)
  7 kobold zombies (Ossuary)
  A leopard gecko zombie (D:5)
  3 orc zombies (Ossuary)
  7 rats
  A rat simulacrum (Ossuary)
  2 spectral goblins (Ossuary)
  2 spectral kobolds (Ossuary)
  6 spectral rats (Ossuary)
363 creatures vanquished.

Notes
Turn   | Place    | Note
-------+----------+-------------------------------------------
     0 | D:1      | Borgoz the Gargoyle Gladiator began the quest for the Orb.
     0 | D:1      | Reached XP level 1. HP: 12/12 MP: 1/1
    74 | D:1      | Reached XP level 2. HP: 15/17 MP: 2/2
   390 | D:1      | Reached XP level 3. HP: 22/22 MP: 3/3
  1102 | D:2      | Reached skill level 1 in Armour
  1281 | D:2      | Reached XP level 4. HP: 19/27 MP: 4/4
  1311 | D:2      | Found a shadowy altar of Dithmenos.
  1784 | D:3      | Found a runed translucent gate.
  1784 | D:3      | Found a runed translucent gate.
  1784 | D:3      | Found a runed translucent gate.
  1820 | D:3      | Noticed aelisj's ghost (weakling DECj)
  1921 | D:3      | Noticed Jessica
  1937 | D:3      | Killed Jessica
  1984 | D:3      | Reached XP level 5. HP: 27/32 MP: 5/5
  2402 | D:4      | Reached XP level 6. HP: 37/37 MP: 6/6
  2939 | D:4      | Reached XP level 7. HP: 21/42 MP: 7/7
  3311 | D:5      | Entered Level 5 of the Dungeon
  3436 | D:5      | Identified the ring "Inuefis" {rCorr *Corrode rF++ Str+5}
  3438 | D:5      | Reached skill level 5 in Short Blades
  3532 | D:5      | Found an iron altar of Okawaru.
  3626 | D:5      | Reached XP level 8. HP: 48/48 MP: 8/8
  4037 | D:6      | Reached skill level 5 in Dodging
  4132 | D:6      | Found a sand-covered staircase.
  4146 | Ossuary  | Entered an ossuary
  5178 | D:6      | Reached skill level 5 in Fighting
  5485 | D:7      | Got a slimy jade ring
  5491 | D:7      | Identified the ring "Ymmil" {Ice Slay+2 Stlth+} (You found
                  | it on level 7 of the Dungeon)
  5650 | D:7      | Reached XP level 9. HP: 54/54 MP: 9/9
  5748 | D:7      | Found a staircase to the Ecumenical Temple.
  5763 | D:7      | Got a faintly humming ring mail
  5815 | Temple   | Entered the Ecumenical Temple
  5909 | Temple   | Became a worshipper of Ashenzari the Shackled
  6063 | D:7      | Found Zuoppow's Distillery.
  6069 | D:7      | Bought a potion of heal wounds for 55 gold pieces
  6069 | D:7      | Bought a potion of berserk rage for 55 gold pieces
  6168 | D:7      | Reached skill level 5 in Armour
  6285 | D:7      | Identified the +1 ring mail of the Morning {rElec rPois
                  | Int-4} (You found it on level 7 of the Dungeon)
  6622 | D:3      | Killed aelisj's ghost
  7027 | D:8      | Reached XP level 10. HP: 61/61 MP: 10/10
  7212 | D:8      | Learned a level 1 spell: Confusing Touch
  7307 | D:8      | Found a runed translucent gate.
  7316 | D:8      | Found a runed translucent gate.
  7316 | D:8      | Found a runed translucent gate.
  7317 | D:8      | Noticed Flogoulo's ghost (novice FoFi)
  7319 | D:8      | Found a viscous altar of Jiyva.
  7483 | D:8      | Reached skill level 1 in Stealth
  7541 | D:8      | Found an ancient bone altar of Kikubaaqudgha.
  7541 | D:8      | Found a stormy altar of Qazlal.
  7541 | D:8      | Found a blossoming altar of Fedhas.
  7694 | D:8      | Reached skill level 1 in Evocations
  7695 | D:8      | Killed Flogoulo's ghost
  7695 | D:8      | Reached skill level 1 in Spellcasting
  7695 | D:8      | Reached skill level 1 in Hexes
  7784 | D:9      | Found a snail-covered altar of Cheibriados.
  8068 | D:9      | Reached XP level 11. HP: 61/67 MP: 14/14
  8073 | D:9      | Reached * piety under Ashenzari
  8553 | D:10     | Entered Level 10 of the Dungeon
  8566 | D:10     | Found a blossoming altar of Fedhas.
  9011 | D:10     | Noticed a tengu warrior
  9038 | D:10     | Killed a tengu warrior
  9415 | D:11     | Noticed a death knight
  9415 | D:11     | Noticed a phantasmal warrior
  9437 | D:11     | Killed a phantasmal warrior
  9894 | D:11     | Reached ** piety under Ashenzari
  9918 | D:11     | Found a runed translucent door.
 10000 | D:11     | Found a runed translucent door.
 10122 | D:11     | Found a staircase to the Lair.
 10144 | D:11     | Noticed a phantasmal warrior
 10151 | D:11     | Killed a death knight
 10445 | D:11     | Killed a phantasmal warrior
 11141 | D:11     | Killed an unseen horror
 11141 | D:11     | Reached XP level 12. HP: 73/73 MP: 17/17
 11425 | D:12     | Found a stormy altar of Qazlal.
 11429 | D:12     | Noticed a two-headed ogre
 11454 | D:12     | Killed a two-headed ogre
 11501 | D:12     | Noticed Snorg
 11519 | D:12     | Noticed a two-headed ogre
 11520 | D:12     | HP: 3/73 [Snorg (15)]
 11598 | D:12     | Noticed Frances
 11629 | D:12     | Mangled by Frances

Skill      XL: |  1  2  3  4  5  6  7  8  9 10 11 12 |
---------------+-------------------------------------+-----
Short Blades   | 3 4 5 6 7 8 9 |  9.8
Armour         | 1 2 3 4 5 6 7 |  7.7
Dodging        | 3 4 6 7 8 9 |  9.1
Fighting       | 3 4 5 6 7 8 |  8.1
Stealth        | 2 4 |  4.9
Evocations     | 2 3 |  3.7
Spellcasting   | 2 3 |  3.7
Hexes          | 2 3 |  3.7
Throwing       | |  1.7

Action                   |  1- 3 |  4- 6 |  7- 9 | 10-12 || total
-------------------------+-------+-------+-------+-------++-------
Melee: Rapier            |    95 |    21 |       |       ||   116
       Dagger            |       |   160 |    19 |       ||   179
       Short sword       |       |     4 |   666 |   837 ||  1507
Throw: Throwing net      |       |     2 |     1 |     5 ||     8
 Cast: Confusing Touch   |       |       |       |     5 ||     5
Evoke: Wand              |       |       |       |    21 ||    21
  Use: Scroll            |     2 |     3 |    12 |    10 ||    27
       Potion            |       |       |     2 |     9 ||    11
 Stab: Held in net/web   |       |     2 |       |     6 ||     8
       Invisible         |       |       |       |     4 ||     4
       Confused          |       |       |       |     5 ||     5
  Eat: Chunk             |     1 |     5 |    11 |    14 ||    31
       Ration            |       |       |     1 |       ||     1
Armor: Leather armour    |    33 |    37 |       |       ||    70
       Plate armour      |       |    31 |   221 |   260 ||   512
       Troll leather arm |       |       |       |     7 ||     7
Dodge: Dodged            |    63 |    60 |   115 |   197 ||   435
Block: Other             |       |    21 |    81 |   105 ||   207
       Reflection        |       |       |       |     2 ||     2
